 Dungeon Crawl Stone Soup version 0.20.1-1-g8b1a95d (webtiles) character file.

376 equalderp2856 the Shield-Bearer (level 6, -1/78 HPs)
             Began as a Minotaur Fighter on Sept 26, 2017.
             Killed from afar by an orc wizard (4 damage)
             ... with a puff of flame
             ... on level 4 of the Dungeon.
             The game lasted 00:04:29 (3541 turns).

equalderp2856 the Shield-Bearer (Minotaur Fighter)  Turns: 3541, Time: 00:04:30

Health: -1/78      AC: 23    Str: 21    XL:     6   Next: 44%
Magic:  5/5        EV:  2    Int:  5    God:
Gold:   171        SH:  0    Dex: 11    Spells: 5/5 levels left

rFire    . . .     SeeInvis .   a - +0 war axe
rCold    . . .     Gourm    .   c - +0 shield
rNeg     + + +     Faith    .   (armour currently unavailable)
rPois    +         Spirit   .   (helmet currently unavailable)
rElec    .         Reflect  .   (cloak currently unavailable)
rCorr    .         Harm     .   (gloves currently unavailable)
MR       .....     NoTele   +   (boots currently unavailable)
Stlth    +.........             (no amulet)
Regen    0.3/turn               (no ring)
MPRegen  0.1/turn               (no ring)

@: confused, tree-form, drained
A: (retaliatory headbutt)
a: no special abilities


You were on level 4 of the Dungeon.
You were hungry.
You were a tree.
You visited 1 branch of the dungeon, and saw 4 of its levels.

You collected 171 gold pieces.

Inventory:

Hand Weapons
 a - a +0 war axe (weapon)
Armour
 b - a +0 scale mail (melded)
 c - a +0 shield (worn)
Jewellery
 i - a cursed ring of teleportation {unknown}
 r - an uncursed ring of protection from magic {unknown}
 s - an uncursed ring of stealth {unknown}
 t - an uncursed ring of stealth {unknown}
Scrolls
 e - a scroll of random uselessness {unknown}
 h - 4 scrolls of remove curse {unknown}
 j - 3 scrolls of identify {unknown}
 o - 4 scrolls of enchant weapon {unknown}
 p - a scroll of enchant armour {unknown}
 u - 2 scrolls of blinking {unknown}
 w - a scroll of recharging {unknown}
Potions
 d - a potion of might
 n - 2 potions of lignification
 v - a potion of mutation {unknown}
Books
 q - a book of Misfortune

   Spells                             Type                      Level
   a - Confusing Touch                Hexes                        1
   b - Confuse                        Hexes                        3
   c - Gell's Gravitas                Translocation                3
   d - Petrify                        Transmutation/Earth          4
   e - Metabolic Englaciation         Hexes/Ice                    5
   f - Yara's Violent Unravelling     Hexes/Transmutation          5
Comestibles
 f - 2 bread rations
 g - 3 royal jellies
 m - 4 meat rations


   Skills:
 + Level 4.3(4.0) Fighting
 + Level 5.4(5.1) Axes
 + Level 5.1(4.8) Armour
 + Level 1.0(0.8) Dodging
 + Level 0.3(0.0) Stealth
 + Level 5.4(5.1) Shields


You had 5 spell levels left.
You didn't know any spells.

Dungeon Overview and Level Annotations

Branches:
Dungeon (4/15)
 Temple: D:4-7

Altars:
Ru
Yredelemnul
The Shining One

Annotations:
D:4 Ymberti's ghost, amateur DEFE


Innate Abilities, Weirdness & Mutations

((You reflexively headbutt those who attack you in melee.))
((You have a pair of horns on your head.))


Message History

Something hits you but does no damage. The orc hits you but does no damage.
Unknown command.
You cannot move. (Use ctrl+direction to attack without moving.) Unknown command.
You cannot move. (Use ctrl+direction to attack without moving.) Unknown command.
You nearly hit yourself!
The orc priest hits you but does no damage.
Something hits you but does no damage. The orc hits you but does no damage.
Unknown command.
You hit the orc priest.
The orc priest is moderately wounded.
You hit the orc. You miss something.
The orc priest calls down the wrath of Beogh upon you.
Beogh smites you!
* * * LOW HITPOINT WARNING * * *
You hear some strange, mumbled words.
A puff of flame appears from out of thin air!
The puff of flame hits you!
You die...

#............# ###..........
#............####............
#.....<...........###.......#
#####..##....#########.....##
###.......#..........#.##
##.........#..........#(#
##..........#...<......#.#
#....(....{.#..........#.#
#.........†♣)............
#.........oo##...#....#..#
#...........................
####...#.....#.........##.##
#########.#.........##.#
#...........##.# ##..........
#.# ..........##.# #..#.#


You could see an orc priest and an orc.

Vanquished Creatures
  A scorpion (D:4)
  A howler monkey (D:4)
  A hound (D:4)
  An orc priest (D:4)
  An orc wizard (D:3)
  Jessica (D:2)
  A worker ant (D:4)
  2 adders
  2 oozes
  4 worms
  5 dart slugs
  3 leopard geckos
  6 orcs
  A ball python (D:3)
  9 giant cockroaches
  8 goblins
  15 hobgoblins
  6 jackals
  9 bats
  A frilled lizard (D:2)
  9 kobolds
  2 leopard gecko skeletons
  8 rats
97 creatures vanquished.

Notes
Turn   | Place    | Note
-------+----------+-------------------------------------------
     0 | D:1      | equalderp2856 the Minotaur Fighter began the quest for the Orb.
     0 | D:1      | Reached XP level 1. HP: 19/19 MP: 0/0
   223 | D:1      | Reached XP level 2. HP: 12/26 MP: 1/1
   793 | D:1      | Reached XP level 3. HP: 29/33 MP: 2/2
  1379 | D:2      | Reached XP level 4. HP: 34/40 MP: 3/3
  1505 | D:2      | Noticed Jessica
  1509 | D:2      | Killed Jessica
  2065 | D:3      | Found a glowing golden altar of the Shining One.
  2120 | D:3      | Reached XP level 5. HP: 46/46 MP: 4/4
  2452 | D:3      | Reached skill level 5 in Armour
  2852 | D:4      | Found a basalt altar of Yredelemnul.
  2853 | D:4      | Noticed Ymberti's ghost (amateur DEFE)
  3293 | D:4      | Reached skill level 5 in Axes
  3320 | D:4      | Reached skill level 5 in Shields
  3320 | D:4      | Reached XP level 6. HP: 45/52 MP: 5/5
  3460 | D:4      | Found a sacrificial altar of Ru.
  3527 | D:4      | Reached skill level 1 in Dodging
  3534 | D:4      | HP: 3/78 [orc priest/divine providence (14)]
  3541 | D:4      | HP: 3/78 [orc priest/divine providence (17)]
  3541 | D:4      | Killed from afar by an orc wizard

Skill      XL: |  1  2  3  4  5  6 |
---------------+-------------------+-----
Shields        | 4 5 |  5.4
Armour         | 4 5 |  5.1
Axes           | 3 4 5 |  5.4
Fighting       | 4 |  4.3
Dodging        | 1 |  1.0
Stealth        | |  0.3

Action                   |  1- 3 |  4- 6 || total
-------------------------+-------+-------++-------
Melee: War axe           |    97 |   140 ||   237
       Headbutt          |    14 |    22 ||    36
  Use: Potion            |       |     3 ||     3
  Eat: Chunk             |     1 |     5 ||     6
       Royal jelly       |       |     1 ||     1
Armor: Scale mail        |    60 |    52 ||   112
       Skin              |       |    26 ||    26
Dodge: Dodged            |    47 |    39 ||    86
Block: Shield            |    69 |    85 ||   154
